EVO
PENNSYLVANIA STATE UNIVERSITY NITTANY LIONS @ UNIVERSITY OF ILLINOIS FIGHTING ILLINI
07/24/2048
 
TOP OF THE 1ST
Pennsylvania State University Nittany Lions batting - Pitching for University of Illinois Fighting Illini : RHP Roger Whitaker
Pitching: RHP Roger Whitaker
Batting: RHB James Steinmetz 0-0: Called Strike
0-1: Ball
1-1: SINGLE (Line Drive, 9LS, EV 93.8 MPH)
Batting: RHB Pete Martin 0-0: Ball
1-0: Foul Ball, location: 2F
1-1: Ball
2-1: Ball
Balk!
James Steinmetz to second
3-1: Foul Ball, location: 2F
3-2: Foul Ball, location: 2F
3-2: Foul Ball, location: 2F
3-2: Base on Balls
Batting: RHB Josh Ebeling 0-0: Ball
1-0: Ball
2-0: Called Strike
2-1: Ball
3-1: Base on Balls
James Steinmetz to third
Pete Martin to second
Batting: RHB Rob Hinojosa 0-0: Called Strike
0-1: Swinging Strike
0-2: Ball
1-2: Strikes out looking
Pitching: RHP Ross Ledford
Batting: RHB Joe Strachan 0-0: Fielders Choice at 2nd, 5-4 (Groundball, 5, EV 90.6 MPH)
James Steinmetz scores
Pete Martin to third
Batting: RHB Guy Jock 0-0: Ball
1-0: Ball
2-0: Swinging Strike
2-1: Ball
3-1: Fielders Choice at 2nd, U4 (Groundball, 4M, EV 101.2 MPH)
Top of the 1st over - 1 run, 1 hit, 0 errors, 2 left on base; Pennsylvania State University 1 - University of Illinois 0
BOTTOM OF THE 1ST
University of Illinois Fighting Illini batting - Pitching for Pennsylvania State University Nittany Lions : RHP Erik Skipper
Pitching: RHP Erik Skipper
Batting: SHB Dan Strickland 0-0: Called Strike
0-1: Ball
1-1: Ball
2-1: Foul Ball, location: 2F
2-2: Ball
3-2: Strikes out looking
Batting: RHB Lance Borgen 0-0: Foul Ball, location: 2F
0-1: Ball
1-1: Foul Ball, location: 2F
1-2: Ball
2-2: Foul Ball, location: 2F
2-2: SINGLE (Groundball, 56D, EV 101.2 MPH)
Batting: RHB Caleb Dean 0-0: Called Strike
0-1: Grounds into double play, 6-4-3 (Groundball, 6, EV 80.6 MPH)
Bottom of the 1st over - 0 runs, 1 hit, 0 errors, 0 left on base; Pennsylvania State University 1 - University of Illinois 0
TOP OF THE 2ND
Pennsylvania State University Nittany Lions batting - Pitching for University of Illinois Fighting Illini : RHP Ross Ledford
Batting: RHB Jesse Bandt 0-0: Called Strike
0-1: Ball
1-1: Called Strike
1-2: SOLO HOME RUN (Flyball, 78XD, EV 110.0 MPH), Distance : 445 ft
Batting: RHB Perry Brantley 0-0: Called Strike
0-1: Fly out, F7 (Flyball, 7LM, EV 106.2 MPH)
Batting: RHB Neal Fleury 0-0: Ground out 1-3 (Groundball, 13S, EV 72.5 MPH)
Batting: RHB James Steinmetz 0-0: Ball
1-0: Swinging Strike
1-1: Swinging Strike
1-2: Ball
2-2: Strikes out swinging
Top of the 2nd over - 1 run, 1 hit, 0 errors, 0 left on base; Pennsylvania State University 2 - University of Illinois 0
BOTTOM OF THE 2ND
University of Illinois Fighting Illini batting - Pitching for Pennsylvania State University Nittany Lions : RHP Erik Skipper
Batting: LHB Victor Altagracia 0-0: Called Strike
0-1: Called Strike
0-2: Foul Ball, location: 2F
0-2: Foul Ball, location: 2F
0-2: Foul Ball, location: 2F
0-2: Strikes out swinging
Batting: LHB Mike Murphy 0-0: Ball
1-0: Foul Ball, location: 2F
1-1: Foul Ball, location: 2F
1-2: DOUBLE (Line Drive, 7LS, EV 103.8 MPH)
Batting: RHB Bryan Schauman 0-0: Ball
1-0: Ball
2-0: Fly out, F9 (Flyball, 9, EV 90.6 MPH)
Batting: SHB Bernie Gallegos 0-0: Ball
1-0: Called Strike
1-1: Called Strike
1-2: Strikes out swinging
Bottom of the 2nd over - 0 runs, 1 hit, 0 errors, 1 left on base; Pennsylvania State University 2 - University of Illinois 0
TOP OF THE 3RD
Pennsylvania State University Nittany Lions batting - Pitching for University of Illinois Fighting Illini : RHP Ross Ledford
Pitching: RHP Damien Blot
Batting: RHB Pete Martin 0-0: Foul Ball, location: 2F
0-1: Fly out, F9 (Line Drive, 9S, EV 86.2 MPH)
Batting: RHB Josh Ebeling 0-0: Ball
1-0: Ball
2-0: Fly out, F7 (Line Drive, 78M, EV 87.5 MPH)
Batting: RHB Rob Hinojosa 0-0: Ball
1-0: Foul Ball, location: 2F
1-1: Swinging Strike
1-2: Ground out 5-3 (Groundball, 56, EV 106.2 MPH)
Top of the 3rd over - 0 runs, 0 hits, 0 errors, 0 left on base; Pennsylvania State University 2 - University of Illinois 0
BOTTOM OF THE 3RD
University of Illinois Fighting Illini batting - Pitching for Pennsylvania State University Nittany Lions : RHP Erik Skipper
Batting: LHB Matt Highfill 0-0: Ground out 6-3 (Groundball, 6, EV 80.6 MPH)
Batting: RHB Hector Flores 0-0: Ball
1-0: SINGLE (Groundball, 6MD, EV 98.8 MPH)
Batting: SHB Dan Strickland 0-0: Ball
1-0: Ball
2-0: Called Strike
2-1: Fly out, F7 (Flyball, 78M, EV 81.9 MPH)
Batting: RHB Lance Borgen 0-0: Ball
1-0: Called Strike
1-1: Ball
2-1: Ball
3-1: Ground out 5-3 (Groundball, 56S, EV 70.0 MPH)
Bottom of the 3rd over - 0 runs, 1 hit, 0 errors, 1 left on base; Pennsylvania State University 2 - University of Illinois 0
TOP OF THE 4TH
Pennsylvania State University Nittany Lions batting - Pitching for University of Illinois Fighting Illini : RHP Damien Blot
Batting: RHB Joe Strachan 0-0: Ground out 5-3 (Groundball, 56, EV 87.5 MPH)
Batting: RHB Guy Jock 0-0: Called Strike
0-1: Ground out 6-3 (Groundball, 6, EV 79.4 MPH)
Batting: RHB Jesse Bandt 0-0: Ball
1-0: Ball
2-0: Ball
3-0: Called Strike
3-1: Base on Balls
Batting: RHB Perry Brantley 0-0: Called Strike
0-1: Ball
1-1: Called Strike
1-2: Fielders Choice at 2nd, 6-4 (Groundball, 6, EV 102.5 MPH)
Top of the 4th over - 0 runs, 0 hits, 0 errors, 1 left on base; Pennsylvania State University 2 - University of Illinois 0
BOTTOM OF THE 4TH
University of Illinois Fighting Illini batting - Pitching for Pennsylvania State University Nittany Lions : RHP Erik Skipper
Batting: RHB Caleb Dean 0-0: Ball
1-0: Called Strike
1-1: Foul Ball, location: 2F
1-2: Ball
2-2: Strikes out swinging
Batting: LHB Victor Altagracia 0-0: Foul Ball, location: 2F
0-1: Ball
1-1: Ground out 6-3 (Groundball, 56D, EV 80.6 MPH)
Batting: LHB Mike Murphy 0-0: Fly out, F9 (Flyball, 9S, EV 90.6 MPH)
Bottom of the 4th over - 0 runs, 0 hits, 0 errors, 0 left on base; Pennsylvania State University 2 - University of Illinois 0
TOP OF THE 5TH
Pennsylvania State University Nittany Lions batting - Pitching for University of Illinois Fighting Illini : RHP Damien Blot
Batting: RHB Neal Fleury 0-0: Ball
1-0: Fly out, F8 (Flyball, 78D, EV 95.0 MPH)
Batting: RHB James Steinmetz 0-0: Called Strike
0-1: Ball
1-1: Foul Ball, location: 2F
1-2: Ball
2-2: Ball
3-2: Base on Balls
Pinch Hitting: LHB Miguel Quizhpi 0-0: Called Strike
0-1: Called Strike
0-2: Ball
1-2: Ball
2-2: Grounds out, U3 (Groundball, 3L, EV 88.8 MPH)
Batting: RHB Josh Ebeling 0-0: Called Strike
0-1: Ball
1-1: Foul Ball, location: 2F
1-2: Ball
2-2: Foul Ball, location: 2F
2-2: Strikes out swinging
Top of the 5th over - 0 runs, 0 hits, 0 errors, 1 left on base; Pennsylvania State University 2 - University of Illinois 0
BOTTOM OF THE 5TH
University of Illinois Fighting Illini batting - Pitching for Pennsylvania State University Nittany Lions : RHP Erik Skipper
Pitching: RHP Bob Cloutier
Now at 1B: Kevin Claus
Now in LF: Miguel Quizhpi
Batting: RHB Bryan Schauman 0-0: Called Strike
0-1: Foul Ball, location: 2F
0-2: Ball
1-2: Foul Ball, location: 2F
1-2: Foul Ball, location: 2F
1-2: Foul Ball, location: 2F
1-2: Ball
2-2: Foul Ball, location: 2F
2-2: Foul Ball, location: 2F
2-2: Foul Ball, location: 2F
2-2: Strikes out swinging
Batting: SHB Bernie Gallegos 0-0: Ball
1-0: Swinging Strike
1-1: Fly out, F8 (Flyball, 89M, EV 92.5 MPH)
Batting: LHB Matt Highfill 0-0: Ball
1-0: Ball
2-0: Called Strike
2-1: Ball
3-1: Base on Balls
Batting: RHB Hector Flores 0-0: Called Strike
0-1: SINGLE (Groundball, 6MD, EV 95.6 MPH)
Matt Highfill to second
Runner from 2nd tries for 3rd, SAFE, throw by CF made to third
Batting: SHB Dan Strickland 0-0: Ball
1-0: Ball
2-0: Foul Ball, location: 2F
2-1: Foul Ball, location: 2F
2-2: Ball
3-2: Ground out 1-3 (Groundball, 34S, EV 66.2 MPH)
Bottom of the 5th over - 0 runs, 1 hit, 0 errors, 2 left on base; Pennsylvania State University 2 - University of Illinois 0
TOP OF THE 6TH
Pennsylvania State University Nittany Lions batting - Pitching for University of Illinois Fighting Illini : RHP Damien Blot
Batting: RHB Rob Hinojosa 0-0: Ball
1-0: Ball
2-0: Ball
3-0: Foul Ball, location: 2F
3-1: Foul Ball, location: 2F
3-2: DOUBLE (Flyball, 9D, EV 98.1 MPH)
Pinch Hitting: RHB Francisco Velazquez 0-0: Foul Ball, location: 2F
0-1: DOUBLE (Groundball, 5L, EV 107.5 MPH)
Rob Hinojosa scores
Batting: RHB Preki Nedic 0-0: Ground out 4-3 (Groundball, 4, EV 108.1 MPH)
Francisco Velazquez to third
Pinch Hitting: RHB Victor Victorino 0-0: Ball
Wild Pitch!
Francisco Velazquez scores
1-0: Called Strike
1-1: Ball
2-1: Swinging Strike
2-2: Ball
3-2: Strikes out looking
Batting: RHB Perry Brantley 0-0: Ball
1-0: SINGLE (Groundball, 56, EV 107.5 MPH) (infield hit)
Batting: RHB Neal Fleury 0-0: Called Strike
0-1: Fly out, F6 (Popup, 6M, EV 80.0 MPH)
Top of the 6th over - 2 runs, 3 hits, 0 errors, 1 left on base; Pennsylvania State University 4 - University of Illinois 0
BOTTOM OF THE 6TH
University of Illinois Fighting Illini batting - Pitching for Pennsylvania State University Nittany Lions : RHP Bob Cloutier
Pitching: LHP John McDonald
Now at 2B: Francisco Velazquez
Now at 3B: Victor Victorino
Batting: RHB Lance Borgen 0-0: Swinging Strike
0-1: Ball
1-1: Foul Ball, location: 2F
1-2: Ball
2-2: Ball
3-2: SINGLE (Flyball, 89M, EV 95.0 MPH)
Batting: RHB Caleb Dean 0-0: Fly out, F9 (Flyball, 8RS, EV 90.6 MPH)
Batting: LHB Victor Altagracia 0-0: Called Strike
0-1: Foul Ball, location: 2F
0-2: Ball
1-2: Reached on error, E5 (Groundball, 56, EV 88.8 MPH)
Lance Borgen to second
Batting: LHB Mike Murphy 0-0: Swinging Strike
0-1: Grounds into double play, 4-6-3 (Groundball, 4M, EV 107.5 MPH)
Bottom of the 6th over - 0 runs, 1 hit, 1 error, 1 left on base; Pennsylvania State University 4 - University of Illinois 0
TOP OF THE 7TH
Pennsylvania State University Nittany Lions batting - Pitching for University of Illinois Fighting Illini : RHP Damien Blot
Batting: RHB James Steinmetz 0-0: Called Strike
0-1: Foul Ball, location: 2F
0-2: Foul Ball, location: 2F
0-2: Ball
1-2: Ball
2-2: Foul Ball, location: 2F
2-2: Strikes out swinging
Batting: LHB Miguel Quizhpi 0-0: SINGLE (Flyball, 8RS, EV 89.4 MPH)
Batting: RHB Kevin Claus 0-0: Ball
1-0: Ground out 5-3 (Groundball, 56S, EV 71.2 MPH)
Miguel Quizhpi to second
Batting: RHB Rob Hinojosa 0-0: Ball
1-0: Ball
2-0: Called Strike
2-1: Called Strike
2-2: Ball
3-2: Foul Ball, location: 2F
3-2: Fly out, F9 (Flyball, 9D, EV 90.0 MPH)
Top of the 7th over - 0 runs, 1 hit, 0 errors, 1 left on base; Pennsylvania State University 4 - University of Illinois 0
BOTTOM OF THE 7TH
University of Illinois Fighting Illini batting - Pitching for Pennsylvania State University Nittany Lions : LHP John McDonald
Pitching: RHP Andy Horn
Batting: RHB Bryan Schauman 0-0: Ground out U3 (Groundball, 34, EV 78.8 MPH)
Batting: SHB Bernie Gallegos 0-0: Foul Ball, location: 2F
0-1: Called Strike
0-2: Strikes out swinging, 2-3 out at first.
Batting: LHB Matt Highfill 0-0: Called Strike
0-1: Foul Ball, location: 2F
0-2: Ball
1-2: Foul Ball, location: 2F
1-2: Strikes out swinging
Bottom of the 7th over - 0 runs, 0 hits, 0 errors, 0 left on base; Pennsylvania State University 4 - University of Illinois 0
TOP OF THE 8TH
Pennsylvania State University Nittany Lions batting - Pitching for University of Illinois Fighting Illini : RHP Damien Blot
Batting: RHB Francisco Velazquez 0-0: Swinging Strike
0-1: Fly out, F8 (Flyball, 8LD, EV 98.1 MPH)
Batting: RHB Preki Nedic 0-0: Ball
1-0: Ground out 5-3 (Groundball, 56, EV 85.6 MPH)
Batting: RHB Victor Victorino 0-0: Called Strike
0-1: Ball
1-1: Foul Ball, location: 2F
1-2: Ground out 6-3 (Groundball, 6, EV 86.9 MPH)
Top of the 8th over - 0 runs, 0 hits, 0 errors, 0 left on base; Pennsylvania State University 4 - University of Illinois 0
BOTTOM OF THE 8TH
University of Illinois Fighting Illini batting - Pitching for Pennsylvania State University Nittany Lions : RHP Andy Horn
Pitching: RHP Jamie Galarza
Batting: RHB Hector Flores 0-0: Ground out 6-3 (Groundball, 6, EV 80.6 MPH)
Batting: SHB Dan Strickland 0-0: Swinging Strike
0-1: Ball
1-1: Ball
2-1: DOUBLE (Groundball, 3L, EV 100.6 MPH)
Batting: RHB Lance Borgen 0-0: Ball
1-0: Called Strike
1-1: Ball
2-1: Ball
3-1: Base on Balls
Batting: RHB Caleb Dean 0-0: Called Strike
0-1: Ball
1-1: Ball
2-1: Foul Ball, location: 2F
2-2: Foul Ball, location: 2F
2-2: Fly out, F7 (Flyball, 7D, EV 88.8 MPH)
Batting: LHB Victor Altagracia 0-0: Swinging Strike
0-1: Foul Ball, location: 2F
0-2: Ball
1-2: Ball
2-2: Ball
3-2: Fly out, F7 (Flyball, 7D, EV 101.2 MPH)
Bottom of the 8th over - 0 runs, 1 hit, 0 errors, 2 left on base; Pennsylvania State University 4 - University of Illinois 0
TOP OF THE 9TH
Pennsylvania State University Nittany Lions batting - Pitching for University of Illinois Fighting Illini : RHP Damien Blot
Batting: RHB Perry Brantley 0-0: Ball
1-0: Foul Ball, location: 2F
1-1: Foul Ball, location: 2F
1-2: Foul Ball, location: 2F
1-2: SINGLE (Groundball, 6M, EV 82.5 MPH) (infield hit)
Pinch Hitting: RHB Pat Betancourt 0-0: Ball
1-0: Swinging Strike
1-1: Ball
2-1: Sac Bunt to 13S - play at first, batter OUT! 1-3
Perry Brantley to second
Batting: RHB James Steinmetz 0-0: Foul Ball, location: 2F
0-1: Swinging Strike
0-2: Foul Ball, location: 2F
0-2: Ball
1-2: Ball
2-2: Foul Ball, location: 2F
2-2: Foul Ball, location: 2F
2-2: Ball
3-2: Base on Balls
Batting: LHB Miguel Quizhpi 0-0: Fly out, F8 (Line Drive, 8LM, EV 100.0 MPH)
Batting: RHB Kevin Claus 0-0: Called Strike
0-1: Ball
1-1: Ball
2-1: Fly out, F3 (Popup, 3SF, EV 75.6 MPH)
Top of the 9th over - 0 runs, 1 hit, 0 errors, 2 left on base; Pennsylvania State University 4 - University of Illinois 0
BOTTOM OF THE 9TH
University of Illinois Fighting Illini batting - Pitching for Pennsylvania State University Nittany Lions : RHP Jamie Galarza
Pitching: RHP Jeremy Webb
Now at C: Dan Lape
Batting: LHB Mike Murphy 0-0: Swinging Strike
0-1: Swinging Strike
0-2: Strikes out swinging
Batting: RHB Bryan Schauman 0-0: Called Strike
0-1: Swinging Strike
0-2: Ball
1-2: Foul Ball, location: 2F
1-2: Strikes out swinging
Batting: SHB Bernie Gallegos 0-0: Ball
1-0: Foul Ball, location: 2F
1-1: Foul Ball, location: 2F
1-2: Fly out, F8 (Flyball, 8LD, EV 105.6 MPH)
Bottom of the 9th over - 0 runs, 0 hits, 0 errors, 0 left on base; Pennsylvania State University 4 - University of Illinois 0
Tuesday, March 28th , 2023 - OOTP Baseball 23.10 Build 110